 Dungeon Crawl Stone Soup version 0.29.0-5-ge4962eb29e (webtiles) character file.

Game seed: 5345880677647942677

137 ImASeal the Magician (level 5, -7/35 HPs)
             Began as a Djinni Air Elementalist on Aug 27, 2022.
             Mangled by a wyvern (12 damage)
             ... on level 4 of the Dungeon.
             The game lasted 00:11:43 (3950 turns).

ImASeal the Magician (Djinni Air Elementalist)      Turns: 3950, Time: 00:11:44

Health: -7/35      AC:  3    Str:  7    XL:     5   Next: 44%
Gold:   146        EV: 12    Int: 18    God:
                   SH:  0    Dex: 14

rFire   + + .      SeeInvis .   c - +0 scimitar
rCold   . . .      Faith    .   (no shield)
rNeg    . . .      Spirit   .   a - +0 robe
rPois   ∞          Reflect  .   (no helmet)
rElec   .          Harm     .   p - +0 cloak
rCorr   .          Rampage  .   (no gloves)
Will    .....                   (boots unavailable)
Stlth   ++........              (no amulet)
HPRegen 0.11/turn               f - ring of protection from cold
MPRegen 0.00/turn               (no ring)

@: swift (expiring), about to teleport, flying, very quick
A: sickness immunity, fire resistance 2, cold vulnerability 1, float, innate
caster, HP casting, extra vitality 1
a: no special abilities


You were on level 4 of the Dungeon.
You visited 1 branch of the dungeon, and saw 4 of its levels.

You collected 146 gold pieces.

Inventory:

Hand Weapons
 c - a +0 scimitar (weapon)
 e - a +0 sling
Missiles
 o - 4 silver boomerangs
Armour
 a - a +0 robe (worn)
 n - a +0 robe
 p - a +0 cloak (worn)
Jewellery
 f - a ring of protection from cold (left hand)
 r - a +4 ring of evasion
Scrolls
 b - 3 scrolls of teleportation
 g - 3 scrolls of identify {unknown}
 i - 4 scrolls of enchant armour {unknown}
 k - 2 scrolls of enchant weapon {unknown}
 m - a scroll of blinking {unknown}
 q - a scroll of fear {unknown}
 s - a scroll of vulnerability {unknown}
 t - a scroll of amnesia {unknown}
 u - a scroll of fog {unknown}
 w - a scroll of poison {unknown}
Potions
 d - 3 potions of curing {unknown}
 h - 2 potions of brilliance {unknown}
 j - a potion of lignification {unknown}
 l - 4 potions of heal wounds {unknown}
 v - a potion of flight {unknown}
 x - a potion of attraction {unknown}


   Skills:
 + Level 2.6 Dodging
 + Level 2.6 Stealth
 + Level 3.8 Spellcasting


You couldn't memorise any spells.
You knew the following spells:

 Your Spells              Type           Power      Damage    Failure   Level
a - Shock                 Conj/Air       68%        1d7       3%          1
b - Static Discharge      Conj/Air       17%        3-6/arc   4%          2
c - Swiftness             Air            17%        N/A       9%          3
d - Airstrike             Air            8%         2d(2-18)  30%         4
e - Slow                  Hex            68%        N/A       3%          1
f - Scorch                Fire           34%        2d6       4%          2
Your spell library was empty.

Dungeon Overview and Level Annotations

Branches:
Dungeon (4/15)
 Temple: D:4-7

Altars:
Fedhas

Annotations:
D:3 exclusion: oklob plant


Innate Abilities, Weirdness & Mutations

You are immune to sickness and miasma.
You are immune to poison.
Your flesh is very heat resistant. (rF++)
You are vulnerable to cold. (rC-)
You float through the air rather than walking.
You learn spells naturally, not from books.
Your magical power is your life essence.
You have superior vitality. (+4 MHP)


Message History

Confirm with . or Enter, or press ? or * to list all spells.
Aiming: Shock (safe; 3% risk of failure)
Press: ? - help, Shift-Dir - straight line, f - goblin
Aim: a goblin, wielding a +0 dagger (asleep, 100% to hit)
The zap hits the goblin.
The goblin is heavily wounded.
Unknown command.
Casting: Shock (safe; 3% risk of failure)
Confirm with . or Enter, or press ? or * to list all spells.
Aiming: Shock (safe; 3% risk of failure)
Press: ? - help, Shift-Dir - straight line, f/p - goblin
Aim: a goblin, wielding a +0 dagger (heavily wounded, 64% to hit)
The zap hits the goblin.
You kill the goblin!
Unknown command.
Casting: Shock (safe; 3% risk of failure)
Confirm with . or Enter, or press ? or * to list all spells.
You can't see any susceptible monsters within range! (Use Z to cast anyway.)
A wyvern comes into view.
The wyvern hisses angrily.
Casting: Shock (safe; 3% risk of failure)
Confirm with . or Enter, or press ? or * to list all spells.
You don't know that spell.
Casting: Shock (safe; 3% risk of failure)
Confirm with . or Enter, or press ? or * to list all spells.
You don't know that spell.
The wyvern bites you!
You see here a +0 dagger.
Casting: Shock (safe; 3% risk of failure)
Confirm with . or Enter, or press ? or * to list all spells.
You feel quick. The wyvern barely misses you.
The wyvern attacks as you move away! The wyvern bites you!
The wyvern attacks as you move away! The wyvern bites you!
* * * LOW HITPOINT WARNING * * *
The wyvern barely misses you.
You start to feel a little slower.
As you read the scroll labelled UTIELOT WIRA, it crumbles to dust.
You feel strangely unstable.
It was a scroll of teleportation.
The wyvern misses you. The wyvern bites you!
You die...

#### ### ... ##.##
#(##########...##
#.)..........(..##
#...#####........##
.............l.......##########
####...#####..@................
##.#######......###.##.####.
#.. ..........###...#.# #. #..
###...........#.# #> ##.
#...#####...#.# #. ### #..#
#..)# #####.####. ..# #..#
#...### #.......#. ..#
###..#####.....# #.##.##.#. ..#
#..........#.#.####.##<##.#.


You could see a wyvern.

Vanquished Creatures
  Jessica (D:2)
  5 adders
  A worm (D:3)
  3 dart slugs
  2 orcs
  5 bats
  5 endoplasms
  A giant cockroach (D:3)
  7 goblins
  8 hobgoblins
  2 kobolds
  A quokka (D:3)
  3 ball pythons
  5 frilled lizards
  4 rats
53 creatures vanquished.

Vanquished Creatures (others)
  6 toadstools (D:3)
6 creatures vanquished.

Grand Total: 59 creatures vanquished

Notes
Turn   | Place    | Note
-------+----------+-------------------------------------------
     0 | D:1      | ImASeal the Djinni Air Elementalist began the quest for the
                  | Orb.
     0 | D:1      | ImASeal set off with the following spells memorised: Shock,
                  | Static Discharge, Swiftness, Airstrike.
     0 | D:1      | Reached XP level 1. HP: 15/15 MP: 0/0
   317 | D:1      | Reached XP level 2. HP: 19/21 MP: 0/0
   826 | D:1      | Reached skill level 3 in Spellcasting
   880 | D:1      | Reached XP level 3. HP: 24/25 MP: 0/0
   880 | D:1      | Learned a level 1 spell: Slow
  1204 | D:2      | Noticed Jessica
  1210 | D:2      | Killed Jessica
  1211 | D:2      | Reached XP level 4. HP: 23/31 MP: 0/0
  2206 | D:3      | Reached XP level 5. HP: 32/35 MP: 0/0
  2206 | D:3      | Learned a level 2 spell: Scorch
  3253 | D:3      | Found a blossoming altar of Fedhas.
  3518 | D:3      | Noticed an oklob plant
  3938 | D:4      | Noticed a wyvern
  3950 | D:4      | Mangled by a wyvern

Illustrated notes

Levels and vault maps discovered:
D:1:      minmay_arrival_diagonal_passages, layout_loops_ring
D:2:      layout_loops_cross, minmay_misc_feat_rugged, uniq_jessica
D:3:      layout_loops_corners, tgw_fedhas, feat_on_display
D:4:      layout_loops_ring, marbit_many_paths, lemuel_coloured_pillars_altar,
          serial_shops, nicolae_shop_temple_entry_statues_fountains

Skill      XL: |  1  2  3 |
---------------+----------+-----
Spellcasting   | 3 |  3.8
Stealth        | 2 |  2.6
Dodging        | |  2.6

Action                   |  1- 3 |  4- 6 || total
-------------------------+-------+-------++-------
 Cast: Shock             |    37 |    65 ||   102
       Static Discharge  |       |     3 ||     3
       Scorch            |       |     4 ||     4
       Swiftness         |       |     1 ||     1
  Use: Scroll            |       |     1 ||     1
Armor: Robe              |       |     1 ||     1
Dodge: Dodged            |     1 |     8 ||     9
